 Dungeon Crawl Stone Soup version 0.18.1-48-g4cf74bf (webtiles) character file.

396 Razz the Covered (level 6, -11/39 HPs)
             Began as a Gargoyle Fighter on Aug 21, 2016.
             Killed by divine providence
             ... invoked by an orc priest
              (14 damage)
             ... on level 4 of the Dungeon.
             The game lasted 00:21:07 (4383 turns).

Razz the Covered (Gargoyle Fighter)                 Turns: 4383, Time: 00:21:07

Health: -11/39     AC: 13    Str: 19 (21) XL:     6   Next: 82%
Magic:  15/15      EV:  7    Int:  6 (8)  God:
Gold:   88         SH:  9    Dex:  9 (10) Spells: 0 memorised, 5 levels left

rFire  . . .     SeeInvis .     a - +0 spear
rCold  . . .     Gourm    .     b - +0 scale mail
rNeg   + . .     Faith    .     c - +0 shield
rPois  ∞         Spirit   .     (no helmet)
rElec  +         Dismiss  .     n - +0 cloak
rCorr  .         Reflect  .     (no gloves)
SustAt .         Harm     .     (no boots)
MR     .....                    (no amulet)
Stlth  ..........               (no ring)
                                g - ring of magical power

@: not resistant to hostile enchantments, extremely unstealthy
A: negative energy resistance 1, electricity resistance, unbreathing,
petrification resistance, rot immunity, AC +4
a: no special abilities


You were on level 4 of the Dungeon.
You were hungry.

You visited 1 branch of the dungeon, and saw 4 of its levels.

You collected 88 gold pieces.

Inventory:

Hand Weapons
 a - a +0 spear (weapon)
 l - a +0 hunting sling
 v - a +0 trident
 x - a +0 whip
 y - a +0 halberd
Missiles
 q - 19 poisoned needles
Armour
 b - a +0 scale mail (worn)
 c - a +0 shield (worn)
 d - a cursed +0 scale mail
 j - a +0 leather armour
 k - a +0 leather armour
 n - a +0 cloak (worn)
 w - a cursed +0 leather armour
Jewellery
 g - a ring of magical power (left hand)
Wands
 s - a wand of enslavement (6/24)
Scrolls
 o - a scroll of blinking
 u - a scroll of fog {unknown}
Potions
 e - a potion of cancellation
Comestibles
 f - a bread ration
 i - a meat ration
 m - a slice of pizza


   Skills:
 + Level 4.6 Fighting
 + Level 3.3 Polearms
 + Level 5.4 Armour
 + Level 4.7 Shields


You had 5 spell levels left.
You didn't know any spells.

Dungeon Overview and Level Annotations

Branches:
Dungeon (4/15)
 Temple: D:4-7

Altars:
Elyvilon
Gozag
Nemelex Xobeh
Vehumet

Annotations:
D:4 ayyllmao's ghost, novice FoFi


Innate Abilities, Weirdness & Mutations

You are resistant to torment.
Your stone body is resilient (AC +4).
You are immune to poison.
You resist negative energy.
You are resistant to electric shocks.
You can survive without breathing.
You are immune to petrification.
You are immune to rotting.


Message History

Drink which item? (? for menu, Esc to quit)
Okay, then.
You barely miss the orc.
The orc is lightly wounded.
The orc hits you but does no damage.
You hit the orc but do no damage.
The orc is lightly wounded.
You block the orc's attack.
You hit the orc but do no damage.
The orc is lightly wounded.
You are feeling hungry.
You closely miss the orc.
The orc is lightly wounded.
The orc hits you but does no damage.
You hit the orc but do no damage.
The orc is lightly wounded.
You block the orc's attack.
The orc priest mumbles some strange prayers to Beogh against you.
Beogh smites you!
You die...

#.# # #.# #.# #
#.##### #.######
... ..# #.......
#.# #.# #..#####
#.###.#####..# #
#.##........<# #
#%...........# #
#@##..######## #
## ###o##..# #
#...###.oo...!#
#..o........#
.....###?.######
### #..# #..#
#..# ...#


You could see an orc priest and 2 orcs.

Vanquished Creatures
  A phantom (D:4)
  A gnoll sergeant (D:3)
  An orc wizard (D:3)
  5 gnolls
  5 adders
  An ooze (D:3)
  3 worms (D:3)
  2 dart slugs (D:1)
  12 orcs (D:3)
  4 bats
  5 giant cockroaches
  8 goblins
  8 hobgoblins
  2 jackals (D:1)
  3 quokkas
  4 ball pythons
  5 giant newts
  5 kobolds
  A quokka skeleton (D:4)
  5 rats
81 creatures vanquished.

Vanquished Creatures (others)
  An orc wizard (D:4)
  An orc (D:4)
2 creatures vanquished.

Grand Total: 83 creatures vanquished

Notes
Turn   | Place    | Note
--------------------------------------------------------------
     0 | D:1      | Razz the Gargoyle Fighter began the quest for the Orb.
     0 | D:1      | Reached XP level 1. HP: 14/14 MP: 1/1
   283 | D:1      | Reached XP level 2. HP: 19/19 MP: 2/2
   632 | D:1      | Reached XP level 3. HP: 23/23 MP: 3/3
   975 | D:2      | Found a white marble altar of Elyvilon.
  1143 | D:2      | Reached skill level 4 in Armour
  1228 | D:2      | Reached XP level 4. HP: 29/29 MP: 4/4
  1350 | D:3      | Found a radiant altar of Vehumet.
  1421 | D:3      | Found a white marble altar of Elyvilon.
  1421 | D:3      | Found an opulent altar of Gozag.
  1560 | D:3      | Reached XP level 5. HP: 30/33 MP: 5/5
  1637 | D:3      | Found a sparkling altar of Nemelex Xobeh.
  2020 | D:4      | Noticed a phantom
  2261 | D:3      | Reached skill level 5 in Armour
  2261 | D:3      | Reached XP level 6. HP: 16/38 MP: 6/6
  2504 | D:4      | Killed a phantom
  2546 | D:4      | Noticed ayyllmao's ghost (novice FoFi)
  4383 | D:4      | Killed from afar by an orc priest

Skill      XL: |  1  2  3  4  5  6 |
---------------+-------------------+-----
Polearms       | 2 3 |  3.3
Shields        | 4 |  4.7
Armour         | 4 5 |  5.4
Fighting       | 4 |  4.6

Action                   |  1- 3 |  4- 6 || total
-------------------------+-------+-------++-------
Melee: Trident           |   128 |   164 ||   292
       Spear             |       |   136 ||   136
       Halberd           |       |     8 ||     8
  Use: Scroll            |     5 |     1 ||     6
       Potion            |       |     4 ||     4
  Eat: Chunk             |     1 |       ||     1
       Bread ration      |       |     2 ||     2
       Beef jerky        |       |     1 ||     1
Armor: Scale mail        |    62 |   140 ||   202
Dodge: Dodged            |    35 |    84 ||   119
Block: Shield            |    59 |   150 ||   209
